 Dungeon Crawl Stone Soup version 0.22.1-1-ga44c0e5 (webtiles) character file.

156 Torikoriko the Ducker (level 5, -2/54 HPs)
             Began as an Ogre Gladiator on Sept 23, 2018.
             Slain by Natasha (6 damage)
             ... on level 2 of the Dungeon.
             The game lasted 00:06:52 (2675 turns).

Torikoriko the Ducker (Ogre Gladiator)              Turns: 2675, Time: 00:06:53

Health: -2/54      AC:  5    Str: 18    XL:     5   Next: 37%
Magic:  5/5        EV: 11    Int:  9    God:
Gold:   71         SH:  0    Dex: 11    Spells: 4/4 levels left

rFire    . . .     SeeInvis .   a - +0 flail
rCold    . . .     Gourm    .   (no shield)
rNeg     . . .     Faith    .   b - +0 robe
rPois    .         Spirit   .   c - +0 hat
rElec    .         Reflect  .   r - +1 cloak
rCorr    .         Harm     .   (gloves unavailable)
MR       .....                  (boots unavailable)
Stlth    +.........             (no amulet)
HPRegen  0.18/turn              (no ring)
MPRegen  0.09/turn              (no ring)

@: no status effects
A: large, unfitting armour, tough skin 1
a: no special abilities


You were on level 2 of the Dungeon.
You were not hungry.

You visited 1 branch of the dungeon, and saw 2 of its levels.

You collected 71 gold pieces.

Inventory:

Hand Weapons
 a - a +0 flail (weapon)
Missiles
 d - 4 throwing nets {!f}
 e - 32 stones (quivered)
Armour
 b - a +0 robe (worn)
 c - a +0 hat (worn)
 r - a +1 cloak (worn)
Scrolls
 g - a scroll of teleportation {unknown}
 h - a scroll of identify {unknown}
 j - 2 scrolls of enchant weapon {unknown}
 l - a scroll of remove curse {unknown}
 n - a scroll of magic mapping {unknown}
 o - a scroll of blinking {unknown}
 q - a scroll of amnesia {unknown}
Potions
 i - a potion of heal wounds {unknown}
 m - 2 potions of curing {unknown}
 p - 2 potions of brilliance {unknown}
Comestibles
 f - 6 rations
 k - 5 chunks of flesh


   Skills:
 + Level 4.2 Fighting
 + Level 3.5 Maces & Flails
 - Level 2.0 Throwing
 * Level 4.2 Dodging


You had 4 spell levels left.
You didn't know any spells.
Your spell library was empty.

Dungeon Overview and Level Annotations

Branches:
Dungeon (2/15)

Altars:
Kikubaaqudgha
Wu Jian

Annotations:
D:2 Natasha


Innate Abilities, Weirdness & Mutations

You are too large for most types of armour.
You have tough skin. (AC +1)


Message History

Natasha is heavily wounded.
Natasha claws you.
* * * LOW HITPOINT WARNING * * *
The crimson imp barely misses you. Natasha claws you.
* * * LOW HITPOINT WARNING * * *
The crimson imp hits you but does no damage.
You closely miss Natasha.
Natasha is heavily wounded.
Natasha casts a spell at you. The magic dart hits you!
* * * LOW HITPOINT WARNING * * *
The crimson imp barely misses you.
You barely miss Natasha.
Natasha is heavily wounded.
Natasha claws you but does no damage.
The crimson imp hits you but does no damage.
You barely miss Natasha.
Natasha is heavily wounded.
Natasha claws you.
You die...

......####[#........#........
...#.## #.#........#........
......####...................
...............##.###........
.......####..####.###........
.................(.## .....
...#....##..........#......
.....##..#.....5.#.........
......#......###@hg##......
......#.#### ###gw##.##.#
......# .....(.. ###...#
#......... ...g.......
##.......... #.........
#........w


You could see a worm, Natasha, a crimson imp and 2 goblins.

Vanquished Creatures
  Robin (D:2)
  4 gnolls
  3 adders
  4 worms
  4 dart slugs
  A leopard gecko (D:1)
  A ball python (D:1)
  4 bats
  4 giant cockroaches
  12 goblins
  10 hobgoblins
  2 kobolds
  6 rats
56 creatures vanquished.

Notes
Turn   | Place    | Note
-------+----------+-------------------------------------------
     0 | D:1      | Torikoriko the Ogre Gladiator began the quest for the Orb.
     0 | D:1      | Reached XP level 1. HP: 22/22 MP: 1/1
    95 | D:1      | Reached XP level 2. HP: 11/31 MP: 2/2
   493 | D:1      | Reached XP level 3. HP: 25/37 MP: 3/3
   927 | D:2      | Found an ancient bone altar of Kikubaaqudgha.
   928 | D:2      | Found an ornate altar of the Wu Jian Council.
  1294 | D:2      | Noticed Robin
  1640 | D:1      | Reached XP level 4. HP: 12/46 MP: 4/4
  2308 | D:2      | Killed Robin
  2328 | D:2      | Reached XP level 5. HP: 28/54 MP: 5/5
  2656 | D:2      | Noticed Natasha
  2675 | D:2      | Slain by Natasha

Skill      XL: |  1  2  3  4 |
---------------+-------------+-----
Fighting       | 3 4 |  4.2
Dodging        | 3 4 |  4.2
Maces & Flails | 3 |  3.5
Throwing       | |  2.0

Action                   |  1- 3 |  4- 6 || total
-------------------------+-------+-------++-------
Melee: Flail             |    90 |    84 ||   174
Throw: Stone             |    22 |     4 ||    26
  Eat: Chunk             |     2 |     4 ||     6
Armor: Robe              |    27 |    37 ||    64
Dodge: Dodged            |    39 |    61 ||   100
